 Dungeon Crawl Stone Soup version 0.32-a0-22-g6ae6769602 (webtiles) character file.

Game seed: 16481826433217724989

48752 whatisthis the Fighter (level 14, 0/121 HPs)
             Began as a Demonspawn Brigand on Jan 18, 2024.
             Was an Elder of Uskayaw.
             Slain by a wolf spider (27 damage)
             ... in a Gauntlet.
             The game lasted 01:09:35 (23601 turns).

whatisthis the Fighter (Demonspawn Brigand)        Turns: 23601, Time: 01:09:35

Health: 0/121      AC: 14    Str: 18    XL:     14   Next: 13%
Magic:  21/21      EV: 16    Int: 12    God:    Uskayaw [****..]
Gold:   1170       SH:  9    Dex: 19    Spells: 13/13 levels left

rFire   . . .        a - +2 dagger (venom)
rCold   + . .        l - +0 buckler
rNeg    . . .        z - +0 chain mail
rPois   .            y - +1 hat
rElec   .            c - +0 cloak
rCorr   .            C - +2 pair of gloves
SInv    .            T - +0 pair of boots
Will    +....        r - amulet of reflection
Stlth   ++           E - +6 ring of strength
HPRegen 3.40/turn    N - ring of protection from cold
MPRegen 0.17/turn

%: no teleportation, reflection
@: lethally poisoned (0 -> 0)
A: antennae 2, powered by death 2, spiny 1, sturdy frame 3
a: Renounce Religion, Stomp, Line Pass


You were in a Gauntlet.
You worshipped Uskayaw.
Uskayaw was aware of your devotion.
You visited 3 branches of the dungeon, and saw 19 of its levels.
You also visited: Gauntlet.

You collected 1170 gold pieces.

Inventory:

Hand Weapons
 a - a +2 dagger of venom (weapon)
 b - the +6 scimitar of Deoxzism {flame, Will+ Int+3}
   (You found it on level 5 of the Lair of Beasts)

   Int+3:     It affects your intelligence (+3).
   Will+:     It increases your willpower.
Missiles
 d - 75 poisoned darts (quivered)
 n - 5 silver javelins
 K - 9 boomerangs
 Q - a throwing net
 U - a curare-tipped dart
Armour
 c - a +0 cloak (worn)
 f - a +2 crystal plate armour
 l - a +0 buckler (worn)
 y - a +1 hat (worn)
 z - a +0 chain mail (worn)
 C - a +2 pair of gloves (worn)
 T - a +0 pair of boots (worn)
Jewellery
 r - an amulet of reflection (around neck)
 E - a +6 ring of strength (left hand)
 N - a ring of protection from cold (right hand)
 W - a ring of fire
Wands
 e - a wand of light (2)
 v - a wand of polymorph (17)
 x - a wand of mindburst (9)
 G - a wand of flame (37)
Scrolls
 i - 2 scrolls of vulnerability {unknown}
 k - 5 scrolls of blinking
 m - 2 scrolls of enchant armour {unknown}
 q - 2 scrolls of fog {unknown}
 t - 8 scrolls of teleportation
 w - 4 scrolls of poison
 F - 3 scrolls of fear
 H - 3 scrolls of summoning
 L - a scroll of immolation {unknown}
 M - a scroll of noise {unknown}
 P - a scroll of brand weapon {unknown}
 X - 2 scrolls of revelation {unknown}
 Y - a scroll of acquirement {unknown}
Potions
 h - a potion of magic {unknown}
 j - 10 potions of curing
 p - 3 potions of resistance
 s - a potion of attraction {unknown}
 u - a potion of cancellation {unknown}
 A - 5 potions of enlightenment
 D - 2 potions of invisibility {unknown}
 I - 5 potions of brilliance {unknown}
 J - 2 potions of mutation {unknown}
 O - 4 potions of might {unknown}
 R - 2 potions of haste {unknown}
 S - a potion of berserk rage {unknown}
 Z - a potion of heal wounds {unknown}


   Skills:
 + Level 14.9 Fighting
 - Level 1.7(8.9) Short Blades
 + Level 13.5 Long Blades
 - Level 1.7 Throwing
 - Level 10.8 Dodging
 - Level 3.6 Stealth
 - Level 10.0 Invocations


You had 13 spell levels left.
You didn't know any spells.
Your spell library contained the following spells:

 Spells                   Type           Power      Damage    Failure   Level
 Magic Dart               Conj           0%         1d3       67%         1
 Shock                    Conj/Air       0%         1d3       67%         1
 Slow                     Hex            0%         N/A       67%         1
 Summon Small Mammal      Summ           0%         N/A       67%         1
 Blink                    Tloc           0%         N/A       82%         2
 Call Imp                 Summ           0%         N/A       82%         2
 Cigotuvi's Dreadful Rot  Necr/Alch/Air  0%         N/A       82%         2
 Ensorcelled Hibernation  Hex/Ice        0%         N/A       82%         2
 Jinxbite                 Hex            0%         N/A       82%         2
 Mercury Vapours          Alch/Air       0%         N/A       82%         2
 Scorch                   Fire           0%         2d5       82%         2
 Static Discharge         Conj/Air       0%         3-3/arc   82%         2
 Call Canine Familiar     Summ           0%         N/A       96%         3
 Confusing Touch          Hex            0%         N/A       96%         3
 Mephitic Cloud           Conj/Alch/Air  0%         N/A       96%         3
 Passwall                 Erth           0%         N/A       96%         3
 Sigil of Binding         Hex            0%         N/A       96%         3
 Swiftness                Air            0%         N/A       96%         3
 Vampiric Draining        Necr           0%         2d6       96%         3
 Airstrike                Air            0%         2d(0-16)  100%        4
 Animate Armour           Summ/Erth      0%         N/A       100%        4
 Animate Dead             Necr           0%         N/A       100%        4
 Flame Wave               Conj/Fire      0%         2d4       100%        4
 Ignite Poison            Fire/Alch      0%         N/A       100%        4
 Summon Blazeheart Golem  Fire/Summ      0%         N/A       100%        4
 Summon Lightning Spire   Summ/Air       0%         N/A       100%        4
 Freezing Cloud           Conj/Ice/Air   0%         6-21      100%        5
 Lee's Rapid Deconstruct  Erth           0%         3d4*      100%        5
 Yara's Violent Unravell  Hex/Alch       0%         3d3       100%        5
 Summon Cactus Giant      Summ           0%         N/A       100%        6
 Enfeeble                 Hex            0%         N/A       100%        7
 Haunt                    Necr/Summ      0%         N/A       100%        7
 Infestation              Necr           0%         N/A       100%        8


Dungeon Overview and Level Annotations

Branches:
Dungeon (13/15)            Temple (1/1) D:7            Lair (5/5) D:10
  Swamp (0/4) Lair:3        Snake (0/4) Lair:2        Slime (0/5) Lair:4
    Orc (0/2) D:9         Gauntlet (1/1)
 Vaults: D:13-14

Altars:
Ashenzari
Cheibriados
Dithmenos
Fedhas
Gozag
Hepliaklqana
Kikubaaqudgha
Makhleb
Nemelex Xobeh
Okawaru
Qazlal
Ru
Sif Muna
Trog
Uskayaw
Vehumet
Wu Jian
Xom
Yredelemnul
Jiyva

Annotations:
D:5 exclusion: ice beast
D:8 1 exclusion
Lair:3 1 exclusion Gauntlet 7 transporters


Innate Abilities, Weirdness & Mutations

You have a pair of antennae on your head.
You regenerate health from kills.
You are partially covered in sharp spines.
Your movements are significantly less encumbered by armour. (ER -6)


Message History

You perforate the moth of wrath like a sieve!!!
You kill the moth of wrath!
You feel very sick.
The helpless redback fails to defend itself.
You spit the redback like a pig!!!
You kill the redback!
You feel very sick.
The wolf spider is no longer paralysed.
The redback is no longer paralysed.
You block the wolf spider's attack. x2
Uskayaw will force your foes to share their pain.
Uskayaw links your audience in an emotional bond!
You hit the wolf spider.
The wolf spider is poisoned.
The wolf spider is lightly wounded.
You feel very sick. The wolf spider misses you.
The wolf spider barely misses you. x2
You block the wolf spider's attack.
You completely miss the wolf spider.
The wolf spider is lightly wounded.
You feel sick. You block the wolf spider's attack. x2
Okay, then.
Unknown command.
You feel very sick.
The wolf spider rages.
The wolf spider attacks as it pursues you!
The wolf spider is struck by your spines.
The wolf spider barely misses you. The wolf spider bites you!!
The wolf spider hits you!
* * * LOW HITPOINT WARNING * * *
You block the wolf spider's attack.
You see here a moth of wrath corpse.
Aiming: Bolt of Light
Press: ? - help, Shift-Dir - straight line, f - redback
Aim: a redback (severely wounded, sharing its pain, 64% to hit)
The bolt of light hits the wolf spider!
The wolf spider is heavily wounded.
The wolf spider is blinded.
The bolt of light misses the redback.
You feel very sick.
You kill the redback!
The wolf spider hits you!!
You die...

....8.#...#...©.(.#.≈##
.##.©.#.8.#########.≈≈#
.##.8.#.⌠.#8..©#....≈##
......#.8.#©...#.8..##
.##...#...#8..©#....≈##
#≈≈≈#...#########.≈≈#
##≈###..#.##.##.#.≈##
## ##.##..#..##.##
##≈.##@##s###.≈##
#≈≈.#.#s©#..#.≈≈#
##≈.###†##.##.≈##
##.#?.#..#[#.##
##≈.#.##©##.#.≈##
#≈≈.#########.≈≈#
##≈.#8..©#....≈##
##.#©...#.8..##
##≈.#8..©#....≈##


You could see a wolf spider (berserk, blind, unable to see you, very poisoned,
pain bonded) and a redback.

Vanquished Creatures
  A dire elephant (Lair:5)
  A merfolk avatar (Lair:5)
  A boulder beetle (Lair:4)
  A centaur warrior (D:11)
  4 two-headed ogres
  4 death yaks
  Nergalle (Lair:2)
  A sixfirhy (Gauntlet)
  3 skysharks
  A sea snake (Lair:4)
  A bog body (Lair:3)
  A harpy (Lair:4)
  A lindwurm (Lair:5)
  2 manticores
  5 ugly things
  A moth of wrath (Gauntlet)
  A cyclops (D:12)
  11 elephants
  3 black mambas
  A gargoyle (D:13)
  14 cane toads
  5 rime drakes
  An unseen horror (D:12)
  13 komodo dragons
  An ice devil (Gauntlet)
  3 polar bears
  4 trolls
  6 blink frogs
  4 hornets
  A snapping turtle (Lair:4)
  3 centaur simulacra (Gauntlet)
  2 shadows
  4 wyverns
  2 wraiths (D:11)
  A vampire (D:11)
  36 yaks
  A basilisk (Lair:4)
  2 vampire mosquitoes (D:12)
  A steam dragon (Lair:5)
  3 redbacks (Gauntlet)
  3 acid dragons (D:12)
  13 water moccasins
  A sky beast (D:6)
  3 orc warriors
  A meliai simulacrum (Gauntlet)
  An ogre (D:7)
  2 black bears
  6 ice beasts
  15 wolves
  9 centaurs
  2 phantoms (D:5)
  5 kobold brigands
  Blork the orc (D:6)
  12 bullfrogs
  A scorpion (D:5)
  2 gnoll sergeants
  A wight (D:7)
  15 killer bees (D:9)
  3 howler monkeys (D:11)
  A jelly (D:6)
  A wyvern simulacrum (Gauntlet)
  4 hounds
  7 orc priests
  3 iguanas (D:5)
  4 hell rats (Lair:1)
  13 orc wizards
  7 gnolls
  6 adders
  14 white imps
  3 ufetubi (Gauntlet)
  3 dart slugs
  66 orcs
  4 ball pythons
  6 endoplasms
  A giant cockroach (D:3)
  7 goblins
  3 hobgoblins (D:3)
  6 jackals
  2 quokkas (D:2)
  8 bats
  3 frilled lizards
  29 kobolds
  A rat (D:3)
450 creatures vanquished.

Vanquished Creatures (others)
  A kobold brigand (D:9)
  A bombardier beetle (D:4)
2 creatures vanquished.

Grand Total: 452 creatures vanquished

Notes
Turn   | Place    | Note
-------+----------+-------------------------------------------
     0 | D:1      | whatisthis the Demonspawn Brigand began the quest for the
                  | Orb.
     0 | D:1      | Reached XP level 1. HP: 16/16 MP: 1/1
   231 | D:1      | Reached skill level 1 in Long Blades
   231 | D:1      | Gained mutation: You regenerate a little health from kills.
                  | [demonic ancestry]
   231 | D:1      | Reached XP level 2. HP: 23/23 MP: 2/2
   423 | D:1      | Reached skill level 1 in Dodging
  1067 | D:2      | Gained mutation: Your movements are slightly less
                  | encumbered by armour. (ER -2) [demonic ancestry]
  1067 | D:2      | Reached XP level 3. HP: 28/28 MP: 3/3
  1733 | D:3      | Reached skill level 3 in Fighting
  1896 | D:3      | Gained mutation: You are partially covered in sharp spines.
                  | [demonic ancestry]
  1896 | D:3      | Reached XP level 4. HP: 35/35 MP: 4/4
  2017 | D:3      | You fall into a shaft and drop 1 floor!
  2052 | D:3      | Found a bloodstained altar of Trog.
  2054 | D:3      | Found an iron altar of Okawaru.
  2609 | D:4      | Gained mutation: You have a pair of small antennae on your
                  | head. [demonic ancestry]
  2609 | D:4      | Reached XP level 5. HP: 40/42 MP: 5/5
  2769 | D:4      | Found a blossoming altar of Fedhas.
  2800 | D:4      | Reached skill level 4 in Fighting
  3394 | D:5      | Entered Level 5 of the Dungeon
  3445 | D:5      | Found a broken altar of Ashenzari.
  3512 | D:5      | Gained mutation: You have a pair of antennae on your head.
                  | [demonic ancestry]
  3512 | D:5      | Reached XP level 6. HP: 45/48 MP: 6/6
  3597 | D:5      | Found a sparkling altar of Nemelex Xobeh.
  3745 | D:5      | Noticed an ice beast
  4174 | D:5      | Gained mutation: You regenerate health from kills. [demonic
                  | ancestry]
  4174 | D:5      | Reached XP level 7. HP: 49/55 MP: 7/7
  4347 | D:5      | Reached skill level 5 in Fighting
  4539 | D:6      | Noticed Blork the orc
  4552 | D:6      | Killed Blork the orc
  4692 | D:6      | Reached XP level 8. HP: 64/64 MP: 8/8
  4836 | D:6      | Reached skill level 6 in Fighting
  4996 | D:7      | Reached skill level 5 in Long Blades
  4996 | D:7      | Reached skill level 5 in Dodging
  5570 | D:7      | Found a staircase to the Ecumenical Temple.
  5781 | Temple   | Entered the Ecumenical Temple
  5809 | Temple   | Became a worshipper of Uskayaw the Reveller
  6026 | D:8      | Noticed a two-headed ogre
  6038 | D:8      | Reached * piety under Uskayaw
  6044 | D:8      | Reached ** piety under Uskayaw
  6047 | D:8      | Killed a two-headed ogre
  6048 | D:8      | Reached skill level 7 in Fighting
  6048 | D:8      | Reached XP level 9. HP: 15/72 MP: 5/9
  6922 | D:8      | Reached *** piety under Uskayaw
  7270 | D:9      | Found a hazy altar of Hepliaklqana.
  7296 | D:9      | Reached **** piety under Uskayaw
  7300 | D:9      | Reached ***** piety under Uskayaw
  7337 | D:9      | Found a radiant altar of Vehumet.
  7370 | D:9      | Reached ****** piety under Uskayaw
  7372 | D:9      | Reached skill level 8 in Fighting
  7529 | D:9      | Found an ornate altar of the Wu Jian Council.
  7660 | D:9      | Found a staircase to the Orcish Mines.
  7686 | D:9      | Noticed a two-headed ogre
  7700 | D:9      | Killed a two-headed ogre
  7701 | D:9      | Reached XP level 10. HP: 51/82 MP: 10/10
  7798 | D:9      | Identified the +0 leather armour "Siqenn" {-Tele rC+ Int+6
                  | Dex+4}
  7912 | D:9      | Noticed a red ugly thing
  7986 | D:9      | Reached skill level 9 in Fighting
  8391 | D:10     | Entered Level 10 of the Dungeon
  8992 | D:10     | Reached skill level 1 in Invocations
  9001 | D:10     | Found a staircase to the Lair.
  9651 | D:11     | Noticed a green ugly thing
  9669 | D:11     | Killed a green ugly thing
  9820 | Lair:1   | Entered Level 1 of the Lair of Beasts
  9837 | Lair:1   | Reached skill level 10 in Fighting
 10034 | Lair:1   | Reached XP level 11. HP: 34/90 MP: 7/14
 10844 | Lair:1   | Reached skill level 5 in Invocations
 11558 | Lair:2   | Noticed Urug
 11875 | Lair:2   | Found a staircase to the Snake Pit.
 12370 | Lair:2   | Noticed Nergalle
 12404 | Lair:2   | Urug changed into Urug the yak
 12404 | Lair:2   | Noticed Urug
 12411 | Lair:2   | Killed Urug the yak
 12736 | Lair:2   | Reached skill level 11 in Fighting
 13293 | Lair:2   | Killed Nergalle
 13910 | Lair:3   | Reached skill level 10 in Long Blades
 13910 | Lair:3   | Reached XP level 12. HP: 58/100 MP: 17/17
 13996 | Lair:2   | Reached skill level 10 in Dodging
 14588 | Lair:3   | Found a staircase to the Swamp.
 15637 | Lair:4   | Noticed a boulder beetle
 15670 | Lair:4   | Killed a boulder beetle
 16408 | Lair:4   | Found a viscous altar of Jiyva.
 16408 | Lair:4   | Found a staircase to the Slime Pits.
 16422 | Lair:4   | Noticed a death yak
 16479 | Lair:4   | Killed a death yak
 16582 | Lair:4   | Noticed a death yak
 16585 | Lair:4   | Noticed a death yak
 16585 | Lair:4   | Noticed a death yak
 16652 | Lair:3   | Killed a death yak
 16899 | Lair:3   | Killed a death yak
 16900 | Lair:3   | Reached skill level 12 in Fighting
 17113 | Lair:4   | Killed a death yak
 17409 | Lair:4   | Reached skill level 10 in Invocations
 17901 | Lair:5   | Entered Level 5 of the Lair of Beasts
 18162 | Lair:4   | Gained mutation: Your movements are less encumbered by
                  | armour. (ER -4) [demonic ancestry]
 18162 | Lair:4   | Reached XP level 13. HP: 95/109 MP: 20/20
 18251 | Lair:5   | Paralysed by a hornet for 2 turns
 18427 | Lair:5   | Noticed a dire elephant
 18733 | Lair:5   | Reached skill level 13 in Fighting
 19202 | Lair:5   | HP: 5/111 [poisoned by a cane toad]
 20115 | Lair:5   | Killed a dire elephant
 20791 | Lair:5   | Identified the +6 scimitar of Deoxzism {flame, Will+ Int+3}
 20848 | Lair:5   | Paralysed by a hornet for 3 turns
 21420 | Lair:5   | Reached skill level 14 in Fighting
 21860 | D:11     | Identified the +5 halberd of Epey {freeze, rC- rN+ Int+2}
 22750 | D:12     | Gained mutation: Your movements are significantly less
                  | encumbered by armour. (ER -6) [demonic ancestry]
 22750 | D:12     | Reached XP level 14. HP: 104/121 MP: 21/21
 23291 | D:13     | Found a gate leading to a gauntlet.
 23320 | Gauntlet | Entered a Gauntlet
 23320 | Gauntlet | Found a transporter.
 23330 | Gauntlet | Found a transporter.
 23333 | Gauntlet | Found a transporter.
 23334 | Gauntlet | Found a transporter.
 23342 | Gauntlet | Found a transporter.
 23345 | Gauntlet | Found a transporter.
 23346 | Gauntlet | Found a transporter.
 23358 | Gauntlet | Found a transporter.
 23359 | Gauntlet | Found a transporter.
 23359 | Gauntlet | Found a transporter.
 23367 | Gauntlet | Found a transporter.
 23370 | Gauntlet | Found a transporter.
 23371 | Gauntlet | Found a transporter.
 23388 | Gauntlet | Found a transporter.
 23601 | Gauntlet | Slain by a wolf spider

Illustrated notes

Levels and vault maps discovered:
D:1:      scummos_arrival_forest, layout_loops_corners
D:2:      layout_loops_corners
D:3:      layout_loops_ring, jmf_multi_god_temple, small_statue_intersection
D:4:      layout_loops_ring, fedhas_altar_2, minmay_misc_feat_hallway,
          nicolae_kite_square_tiling_tiny
D:5:      layout_loops_ring, lemuel_crystal_altar, lemuel_coloured_pillars_altar
D:6:      layout_basic, uniq_blork_the_orc
D:7:      layout_gridville, minmay_temple_entry_nine_rooms, minmay_puff
D:8:      layout_basic, tso_oasis_becter
D:9:      layout_rooms, lemuel_tele_altar,
          mainiacjoe_overflow_concentric_impassable,
          mainiacjoe_overflow_small_starburst, hiddenorc2_lemuel
D:10:     layout_cave_pools, hellmonk_lair_entry_icy, nicolae_nh_ransacked_shop
D:11:     layout_roguey
D:12:     layout_rooms
D:13:     layout_roguey, david_vaults_1, gauntlet_entry_generic
Temple:   hellmonk_temple_forest_ring
Lair:1:   layout_cave_pods, minivault_23
Lair:2:   layout_hall_layers, dummy_snake_entry, portal_ice_cave_entry_imps,
          infiniplex_staircase_pool_2, uniq_nergalle, uniq_urug
Lair:3:   layout_small_grid, nicolae_swamp_entry_splash_gauntlet,
          chequers_serial_rivers_marsh
Lair:4:   layout_concentric_octagons, slime_entry_1, hibernation_bobbens
Lair:5:   gammafunk_lair_ancient_temple, layout_concentric_octagons,
          serial_bayou_shore_b, serial_bayou_shore_a, grunt_megastairs_2
Gauntlet: gammafunk_gauntlet_77_escape_option [minmay_gauntlet_arena_77_mirror,
          minmay_gauntlet_arena_77_braids,
          minmay_gauntlet_arena_77_hold_the_fort,
          minmay_gauntlet_arena_77_tiled_triplets,
          minmay_gauntlet_arena_77_radiant_squares, gauntlet_exit_green]

Skill      XL: |  1  2  3  4  5  6  7  8  9 10 11 12 13 |
---------------+----------------------------------------+-----
Long Blades    | 1 2 3 4 6 7 8 10 11 13 | 13.5
Dodging        | 1 2 3 4 6 7 8 9 10 | 10.8
Fighting       | 3 4 5 7 8 10 11 12 14 | 14.9
Invocations    | 4 7 10 | 10.0
Short Blades   | |  1.7
Throwing       | |  1.7
Stealth        | |  3.6

Action                     |  1- 3 |  4- 6 |  7- 9 | 10-12 | 13-15 || total
---------------------------+-------+-------+-------+-------+-------++-------
  Melee: Dagger            |   119 |   104 |    23 |   519 |   184 ||   949
         Falchion          |       |    54 |   273 |   218 |       ||   545
         Long sword        |       |       |       |   317 |   102 ||   419
         Scimitar          |       |       |       |       |   211 ||   211
  Throw: Dart              |       |       |    19 |    49 |    29 ||    97
 Invoke: Stomp             |       |       |     1 |     6 |     2 ||     9
         Line Pass         |       |       |     1 |     2 |     1 ||     4
  Evoke: Wand              |       |       |     9 |    13 |     2 ||    24
    Use: Scroll            |       |       |     7 |     1 |     4 ||    12
         Potion            |       |       |       |       |     1 ||     1
   Stab: Sleeping          |    11 |     8 |     4 |     8 |     4 ||    35
         Paralysed         |       |       |     7 |    27 |    22 ||    56
         Confused          |       |       |       |     1 |     1 ||     2
         Distracted        |       |       |       |       |     1 ||     1
 Armour: Robe              |    50 |     3 |       |       |       ||    53
         Leather armour    |       |    44 |       |       |       ||    44
         Ring mail         |       |     7 |   112 |   402 |   200 ||   721
         Chain mail        |       |       |       |       |    27 ||    27
  Dodge: Dodged            |    67 |    54 |   130 |   507 |   273 ||  1031
  Block: Buckler           |       |    66 |   165 |   429 |   224 ||   884
         Reflection        |       |     1 |     7 |    21 |     3 ||    32
         Other             |       |     1 |       |       |       ||     1

Table legend: (Time is in decaauts)
 A = Elapsed time spent in this place.
 B = Non-inter-level travel time spent in this place.
 C = Inter-level travel time spent in this place.
 D = Time resting spent in this place.
 E = Time spent auto-exploring this place.
 F = Levels seen in this place.
 G = Mean time per level.
                   A        B        C        D        E       F      G
               +--------+--------+--------+--------+--------+-----+--------+
         Total |  23316 |  22064 |   1252 |   6639 |   8400 |  20 | 1165.8 |
       Dungeon |  11520 |  10628 |    892 |   1385 |   5896 |  13 |  886.2 |
        Temple |     39 |     29 |     10 |      0 |      0 |   1 |   39.0 |
          Lair |  11485 |  11135 |    350 |   5232 |   2390 |   5 | 2297.0 |
      Gauntlet |    270 |    270 |      0 |     22 |    114 |   1 |  270.0 |
               +--------+--------+--------+--------+--------+-----+--------+

Top non-repeatable levels by time:
  Lair:4: 2962 daAuts
  Lair:3: 2511 daAuts
  Lair:5: 2360 daAuts
  Lair:1: 2071 daAuts
  Lair:2: 1580 daAuts
     D:8: 1423 daAuts
     D:9: 1405 daAuts
     D:5: 975 daAuts
     D:4: 967 daAuts
    D:12: 962 daAuts
     D:7: 898 daAuts
    D:11: 872 daAuts
    D:10: 862 daAuts
     D:1: 833 daAuts
     D:3: 812 daAuts
